 Dungeon Crawl Stone Soup version 0.20-a0-1126-g0f15420 (webtiles) character file.

142 inmateoo the Skirmisher (level 5, -1/42 HPs)
             Began as a Demonspawn Fighter on May 17, 2017.
             Slain by a troll (12 damage)
             ... on level 4 of the Dungeon.
             The game lasted 00:02:03 (1921 turns).

inmateoo the Skirmisher (Demonspawn Fighter)        Turns: 1921, Time: 00:02:03

Health: -1/42      AC:  9    Str: 22    XL:     5   Next: 4%
Magic:  5/5        EV:  5    Int:  9    God:
Gold:   119        SH:  9    Dex: 13    Spells: 4/4 levels left

rFire    . . .     SeeInvis .     - Unarmed
rCold    . . .     Gourm    .   b - +0 shield
rNeg     + . .     Faith    .   n - +0 chain mail
rPois    .         Spirit   .   (no helmet)
rElec    .         Reflect  .   (no cloak)
rCorr    .         Harm     .   (no gloves)
MR       .....                  (no boots)
Stlth    ..........             (no amulet)
Regen    0.2/turn               a - ring of positive energy
MPRegen  0.1/turn               (no ring)

@: mighty
A: spiny 1
a: no special abilities


You were on level 4 of the Dungeon.
You were not hungry.

You visited 1 branch of the dungeon, and saw 4 of its levels.

You collected 119 gold pieces.

Inventory:

Armour
 b - a +0 shield (worn)
 n - a +0 chain mail (worn)
Jewellery
 a - a ring of positive energy (left hand)
Scrolls
 f - 4 scrolls of remove curse {unknown}
 g - a scroll of fog {unknown}
 h - 4 scrolls of identify {unknown}
 j - 2 scrolls of enchant weapon {unknown}
 l - 2 scrolls of teleportation {unknown}
Potions
 e - a potion of heal wounds {unknown}
 i - a potion of degeneration {unknown}
 m - a potion of experience {unknown}
 p - a potion of curing {unknown}
Comestibles
 d - 2 bread rations
 k - 2 meat rations
 o - a royal jelly
 q - a fruit


   Skills:
 + Level 3.9 Fighting
 + Level 3.3 Armour
 + Level 3.4 Shields
 * Level 2.9 Unarmed Combat


You had 4 spell levels left.
You didn't know any spells.

Dungeon Overview and Level Annotations

Branches:
Dungeon (4/15)
 Temple: D:4-7

Altars:


Innate Abilities, Weirdness & Mutations

You are partially covered in sharp spines.


Message History

Your shield and chain mail prevent you from hitting the troll.
You block the troll's attack. x2; The troll claws you.
The troll is struck by your spines. The troll bites you!
You block the troll's attack. x2
You closely miss the troll.
The troll is lightly wounded.
The troll is struck by your spines. The troll bites you!
The troll claws you but does no damage. x2
You are too injured to fight recklessly!
You are too injured to fight recklessly!
You punch the troll!
The troll is moderately wounded.
The troll bites you!
* * * LOW HITPOINT WARNING * * *
The troll claws you but does no damage. The troll claws you.
* * * LOW HITPOINT WARNING * * *
You closely miss the troll.
The troll is moderately wounded.
The troll is struck by your spines. The troll bites you!
You die...

#.#.# #..)...#.. ##
#.#.####...<..... ...#
#....##.......... ....##
###.............. .....#
#.##...........
###≈..?###.###..........
....≈#.#................
.≈.≈.........#..........
....≈.T@................
###≈.#.........#.....#..
................#.#.####
..###......>#.#.#
+.......#.#.# #.......#
# .#......# #.#.......


You could see a troll.

Vanquished Creatures
  A worker ant (D:3)
  A gnoll (D:4)
  5 adders
  An ooze (D:1)
  An adder skeleton (D:3)
  A worm (D:2)
  3 dart slugs
  A leopard gecko (D:2)
  2 ball pythons
  4 bats
  11 goblins
  2 hobgoblins
  3 quokkas
  4 frilled lizards (D:1)
  A jackal skeleton (D:4)
  5 kobolds
  A leopard gecko skeleton (D:4)
  3 rats
50 creatures vanquished.

Notes
Turn   | Place    | Note
-------+----------+-------------------------------------------
     0 | D:1      | inmateoo the Demonspawn Fighter began the quest for the Orb.
     0 | D:1      | Reached XP level 1. HP: 18/18 MP: 1/1
    52 | D:1      | Gained mutation: You are partially covered in sharp spines. [demonic ancestry]
    52 | D:1      | Reached XP level 2. HP: 13/24 MP: 2/2
   465 | D:2      | Reached XP level 3. HP: 22/29 MP: 3/3
   981 | D:3      | Reached XP level 4. HP: 31/35 MP: 4/4
  1744 | D:4      | Reached XP level 5. HP: 20/42 MP: 5/5
  1913 | D:4      | Noticed a troll
  1921 | D:4      | Slain by a troll

Vault maps used:
D:1:      scummos_arrival_simple_crosswalls
D:2:      first_bread, kennysheep_generic_room_16
D:4:      nicolae_ru_path_of_blood, kennysheep_mini

Skill      XL: |  1  2 |
---------------+-------+-----
Unarmed Combat | 2 |  2.9
Armour         | 3 |  3.3
Shields        | 3 |  3.4
Fighting       | |  3.9

Action                   |  1- 3 |  4- 6 || total
-------------------------+-------+-------++-------
Melee: Unarmed           |   131 |    55 ||   186
  Use: Potion            |       |     1 ||     1
  Eat: Chunk             |       |     3 ||     3
Armor: Scale mail        |    33 |       ||    33
       Chain mail        |    21 |    27 ||    48
Dodge: Dodged            |    20 |     6 ||    26
Block: Shield            |    63 |    28 ||    91
